 Dungeon Crawl Stone Soup version 0.20.1-1-g8b1a95d (webtiles) character file.

179 dmj the Shield-Bearer (level 5, 0/41 HPs)
             Began as a Human Fighter on July 30, 2017.
             Was an Initiate of the Shining One.
             Slain by Pikel
             ... wielding a +0 whip of freezing
              (6 damage)
             ... on level 4 of the Dungeon.
             The game lasted 00:14:36 (3305 turns).

dmj the Shield-Bearer (Human Fighter)               Turns: 3305, Time: 00:14:37

Health: 0/41       AC:  9    Str: 18    XL:     5   Next: 90%
Magic:  5/5        EV:  5    Int:  8    God:    the Shining One [......]
Gold:   139        SH: 10    Dex: 12    Spells: 4/4 levels left

rFire    . . .     SeeInvis .   a - +0 war axe
rCold    . . .     Gourm    .   c - +1 shield
rNeg     . . .     Faith    .   m - +0 chain mail {rPois}
rPois    +         Spirit   .   (no helmet)
rElec    .         Reflect  .   (no cloak)
rCorr    .         Harm     .   (no gloves)
MR       .....                  (no boots)
Stlth    ..........             (no amulet)
Regen    0.2/turn               (no ring)
MPRegen  0.1/turn               (no ring)

@: glowing, drained
A: no striking features
a: Renounce Religion


You were on level 4 of the Dungeon.
You worshipped the Shining One.
The Shining One was noncommittal.
You were not hungry.

You visited 1 branch of the dungeon, and saw 4 of its levels.

You collected 139 gold pieces.

Inventory:

Hand Weapons
 a - a +0 war axe (weapon)
Missiles
 i - 2 steel tomahawks (quivered)
 p - 6 tomahawks
Armour
 b - a +0 scale mail
 c - a +1 shield (worn)
 m - a +0 chain mail of poison resistance (worn)
 q - a +0 leather armour of poison resistance
Scrolls
 h - 4 scrolls of identify
 k - a scroll of teleportation
Potions
 d - a potion of might
 e - 4 potions of flight
 j - a potion of heal wounds {unknown}
 n - a potion of mutation {unknown}
 o - a potion of curing {unknown}
Books
 l - a book of Maledictions

   Spells                             Type                      Level
   a - Corona                         Hexes                        1
   b - Ensorcelled Hibernation        Hexes/Ice                    2
   c - Confuse                        Hexes                        3
   d - Tukima's Dance                 Hexes                        3
   e - Dazzling Spray                 Conjuration/Hexes            3
Comestibles
 f - a bread ration
 g - 2 royal jellies


   Skills:
 + Level 3.5(2.7) Fighting
 + Level 3.4(2.6) Axes
   Level 0.4(1.3) Maces & Flails
 + Level 3.8(2.9) Armour
 + Level 1.1(0.3) Dodging
 + Level 4.0(3.2) Shields


You had 4 spell levels left.
You didn't know any spells.

Dungeon Overview and Level Annotations

Branches:
Dungeon (4/15)
 Temple: D:4-7

Altars:
Ashenzari
Ru
Trog
The Shining One

Annotations:
D:4 Pikel


Message History

You block Pikel's attack.
You closely miss Pikel.
Pikel is lightly wounded.
You block Pikel's attack. Pikel hits you with a whip of freezing.
* * * LOW HITPOINT WARNING * * *
Pikel freezes you.
* * * LOW HITPOINT WARNING * * *
You slash Pikel!
Pikel is moderately wounded.
Pikel barely misses you.
You hit Pikel but do no damage.
Pikel is moderately wounded.
You block Pikel's attack. Pikel hits you with a whip of freezing.
* * * LOW HITPOINT WARNING * * *
Pikel freezes you.
* * * LOW HITPOINT WARNING * * *
You slash Pikel!
Pikel is heavily wounded.
Pikel hits you with a whip of freezing.
You die...

......#.#.#..#
......#.#....###
#...#.........
#..........#
##.#........#
........#...#
.#.#.##[#...# #
#.K...# #.@...# #
# #.....#
#.#.##.....# #
#..........#.#
.#.#.##.#......
..
............#..
#.
#.#.#.##.##.##..#
. #.
#.#.............#
..##.#
#.#.#.##.##..#..


You could see Pikel.

Vanquished Creatures
  Terence (D:2)
  A hound skeleton (D:4)
  A gnoll (D:1)
  3 adders
  A dart slug (D:2)
  3 worms
  A leopard gecko (D:1)
  8 orcs (D:3)
  2 giant cockroaches (D:2)
  8 goblins
  13 hobgoblins
  5 jackals (D:2)
  3 quokkas
  14 bats
  10 frilled lizards
  4 kobolds
  8 rats
86 creatures vanquished.

Notes
Turn   | Place    | Note
-------+----------+-------------------------------------------
     0 | D:1      | dmj the Human Fighter began the quest for the Orb.
     0 | D:1      | Reached XP level 1. HP: 18/18 MP: 1/1
    97 | D:1      | Reached XP level 2. HP: 10/24 MP: 2/2
   313 | D:1      | Reached XP level 3. HP: 24/29 MP: 3/3
  1071 | D:2      | Noticed Terence
  1124 | D:2      | Killed Terence
  1124 | D:2      | Reached XP level 4. HP: 13/35 MP: 4/4
  1310 | D:2      | Found a sacrificial altar of Ru.
  1583 | D:2      | Reached XP level 5. HP: 39/41 MP: 5/5
  1675 | D:2      | Found a glowing golden altar of the Shining One.
  1690 | D:2      | Became a worshipper of the Shining One
  2089 | D:3      | Reached skill level 1 in Dodging
  2092 | D:3      | Found a shattered altar of Ashenzari.
  2157 | D:3      | Found a bloodstained altar of Trog.
  2754 | D:3      | Reached skill level 4 in Shields
  3189 | D:4      | Noticed Pikel
  3305 | D:4      | Slain by Pikel

Skill      XL: |  1  2  3  4  5 |
---------------+----------------+-----
Axes           | 3 |  3.4
Dodging        | 1 |  1.1
Shields        | 4 |  4.0
Fighting       | |  3.5
Maces & Flails | |  0.4
Armour         | |  3.8

Action                   |  1- 3 |  4- 6 || total
-------------------------+-------+-------++-------
Melee: War axe           |   126 |   164 ||   290
       Mace              |       |    62 ||    62
  Use: Scroll            |     1 |     7 ||     8
  Eat: Chunk             |       |     5 ||     5
       Bread ration      |       |     1 ||     1
Armor: Scale mail        |   112 |     5 ||   117
       Chain mail        |       |   216 ||   216
Dodge: Dodged            |    73 |    58 ||   131
Block: Shield            |   135 |   176 ||   311
